 Dungeon Crawl Stone Soup version 0.28-a0-909-g796cbd3a86 (webtiles) character file.

Game seed: 8013750527139498257

68286 Majang the Severer (level 15, -1/163 (178) HPs)
             Began as a Human Berserker on Nov 25, 2021.
             Was a High Priest of Trog.
             Killed from afar by Jorgrun (27 damage)
             ... with an iron shot
             ... on level 1 of the Orcish Mines.
             The game lasted 01:31:37 (26182 turns).

Majang the Severer (Human Berserker)               Turns: 26182, Time: 01:31:38

HP:   -1/163 (178)  AC: 22    Str: 23    XL:     15   Next: 69%
MP:   15/15         EV: 16    Int:  9    God:    Trog [*****.]
Gold: 688           SH:  0    Dex: 15    Spells: 14/14 levels left

rFire   . . .      SeeInvis .   a - +2 battleaxe (elec)
rCold   . . .      Faith    .   (shield currently unavailable)
rNeg    . . .      Spirit   .   t - +3 swamp dragon scales
rPois   +          Reflect  .   s - +1 helmet
rElec   .          Harm     .   l - +0 cloak
rCorr   .          Rampage  .   w - +0 pair of gloves {Dex+3}
Will    +....                   (no boots)
Stlth   ..........              z - amulet of regeneration
HPRegen 1.37/turn               q - +4 ring of protection
MPRegen 0.14/turn               P - ring of Shadows {Umbra +Inv Stlth+}

@: berserking (expiring), wreathed by umbra, drained, very quick
A: no striking features
a: Renounce Religion, Evoke Invisibility, Berserk, Trog's Hand, Brothers in Arms


You were on level 1 of the Orcish Mines.
You worshipped Trog.
Trog was extremely pleased with you.
You visited 4 branches of the dungeon, and saw 21 of its levels.
You also visited: Sewer.

You collected 1348 gold pieces.
You spent 660 gold pieces at shops.

Inventory:

Hand Weapons
 a - a +2 battleaxe of electrocution (weapon)
 b - the +3 arbalest "Fuetamn" {elec, rPois Str+4 Int+3}
   (You acquired it on level 5 of the Dungeon)

   Any ammunition fired from it occasionally discharges a powerful burst of
   electricity upon striking a foe.
   Str:       It affects your strength (+4).
   Int:       It affects your intelligence (+3).
   rPois:     It protects you from poison.
 i - a +3 hand axe of flaming
 Q - a +3 antimagic battleaxe
Missiles
 y - a throwing net (quivered)
 C - 99 bolts
Armour
 l - a +0 cloak (worn)
 s - a +1 helmet (worn)
 t - +3 swamp dragon scales (worn)
 w - a +0 pair of gloves of dexterity (worn)
 R - a +3 chain mail of willpower
Jewellery
 q - a +4 ring of protection (left hand)
 z - an amulet of regeneration (around neck)
 G - a ring of willpower
 P - the ring of Shadows (right hand) {Umbra +Inv Stlth+}
   (You found it on level 6 of the Lair of Beasts)

   [ring of stealth]

   It surrounds you with an aura of shadow, increasing your stealth and reducing
   the accuracy of all within it (including the wearer).
   +Inv:      It lets you turn invisible.
   Stlth:     It makes you more stealthy.
Wands
 d - a wand of acid (10)
 h - a wand of iceblast (5)
 n - a wand of polymorph (4)
 J - a wand of digging (3)
 K - a wand of paralysis (8)
 N - a wand of flame (15)
Scrolls
 j - 2 scrolls of fear
 k - 7 scrolls of teleportation
 o - 4 scrolls of blinking
 B - 3 scrolls of identify
 D - 3 scrolls of enchant weapon
 E - 2 scrolls of silence
 F - 5 scrolls of fog
 M - a scroll of holy word
Potions
 c - 5 potions of magic
 e - 2 potions of heal wounds
 f - a potion of cancellation
 g - 4 potions of mutation
 m - 2 potions of haste
 p - 2 potions of curing
 r - 3 potions of resistance
 v - 2 potions of flight
 x - 3 potions of might
 A - 5 potions of attraction
 L - a potion of lignification


   Skills:
 + Level 11.3 Fighting
 * Level 15.3 Axes
 + Level 9.9 Crossbows
 + Level 10.2 Armour
 + Level 10.1 Dodging
 + Level 9.9 Evocations


You had 14 spell levels left.
You didn't know any spells.
Your spell library was empty.

Dungeon Overview and Level Annotations

Branches:
Dungeon (12/15)            Temple (1/1) D:4            Lair (6/6) D:11
  Swamp (0/4) Lair:4       Spider (0/4) Lair:2        Slime (0/5) Lair:6
    Orc (2/2) D:12          Sewer (visited)
    Elf: Orc:2

Altars:
Ashenzari
Cheibriados
Dithmenos
Elyvilon
Fedhas
Gozag
Hepliaklqana
Kikubaaqudgha
Makhleb
Nemelex Xobeh
Okawaru
Qazlal
Ru
Sif Muna
Trog
Uskayaw
Vehumet
Wu Jian
Xom
Yredelemnul
Zin
The Shining One

Shops:
D:5 *:?(   D:7 (   D:12 :

Annotations:
Lair:3 3 runed translucent doors, Gilette's ghost, journeyman TrCA
Orc:1 Jorgrun; Urug


Message History

The iron shot hits you!!
* * * LOW HITPOINT WARNING * * *
Urug hits you with a +2 battleaxe of draining.
Jorgrun hits you with a +0 vorpal quarterstaff.
* * * LOW HITPOINT WARNING * * *
Urug barely misses you.
Jorgrun hits you with a +0 vorpal quarterstaff!
* * * LOW HITPOINT WARNING * * *
x2 Urug squints, then shrugs and mutters, "Close enough."
Urug hits you with a +2 battleaxe of draining.
* * * LOW HITPOINT WARNING * * *
Jorgrun seems less brilliant.
Jorgrun hits you with a +0 vorpal quarterstaff.
* * * LOW HITPOINT WARNING * * *
Urug hits you but does no damage. Jorgrun hits you but does no damage.
Urug hits you with a +2 battleaxe of draining!
* * * LOW HITPOINT WARNING * * *
Jorgrun hits you with a +0 vorpal quarterstaff.
* * * LOW HITPOINT WARNING * * *
Urug hits you but does no damage.
Jorgrun points at you and mumbles some strange words.
You resist with significant effort.
Urug grins evilly.
Urug hits you with a +2 battleaxe of draining.
* * * LOW HITPOINT WARNING * * *
Jorgrun hits you but does no damage.
Urug hits you with a +2 battleaxe of draining.
* * * LOW HITPOINT WARNING * * *
Jorgrun hits you with a +0 vorpal quarterstaff.
* * * LOW HITPOINT WARNING * * *
x2 Urug hits you with a +2 battleaxe of draining!!
* * * LOW HITPOINT WARNING * * *
You turn to flesh and can move again.
You closely miss Urug.
Urug is severely wounded.
You barely miss Jorgrun. Jorgrun casts a spell at you. The iron shot hits you!!
You die...

### ###
###.##
##.###....#
#........##
###........#
##...g@<...##
#.....)o..##
##...))....##
###........#
##......##
####.....##
##.#.##....#
#.........##
##....#....#


You could see Jorgrun and Urug.

Vanquished Creatures
  Frances (D:12)
  3 dire elephants (Lair:6)
  Snorg (D:11)
  Josephine (D:12)
  2 boulder beetles
  5 hydras
  Erica (D:8)
  6 two-headed ogres
  5 death yaks
  Sonja (Lair:2)
  A spectral anaconda (Lair:6)
  A spectral death yak (Lair:6)
  An obsidian statue (Lair:6)
  3 bog bodies (Lair:4)
  The ghost of atomjack the Cleaver, a novice PaFi (D:6)
  4 necromancers (Lair:6)
  An oklob plant (Lair:5)
  A cyclops (D:11)
  A manticore (D:11)
  Joseph (D:7)
  4 centaur zombies
  5 black mambas
  An unseen horror (D:12)
  16 cane toads
  25 elephants
  12 komodo dragons
  Maggie (D:7)
  A kobold demonologist (D:11)
  A rime drake (Lair:4)
  6 trolls
  4 blink frogs (Lair:2)
  3 slime creatures
  2 spectral elephants (Lair:6)
  Grinder (D:3)
  10 dream sheep
  59 yaks
  A vampire (D:12)
  A dire elephant simulacrum (Lair:6)
  A shadow (D:12)
  3 wraiths (D:12)
  4 basilisks
  Grum (D:8)
  2 wyverns
  A death yak simulacrum (Lair:6)
  3 spectral cane toads (Lair:6)
  A swamp worm (Lair:4)
  A warg (Orc:1)
  An acid dragon (D:9)
  18 water moccasins
  5 orc warriors
  2 hornet zombies
  2 sky beasts
  An elephant zombie (Lair:6)
  3 black bears
  3 ice beasts
  2 necrophages
  8 ogres
  10 wolves
  3 centaurs
  17 bullfrogs
  2 kobold brigands
  A wyvern zombie (D:7)
  10 scorpions
  A gnoll sergeant (D:10)
  An elephant simulacrum (Lair:6)
  5 killer bees (D:9)
  An electric eel (Lair:4)
  9 wights
  7 howler monkeys
  A bullfrog zombie (D:6)
  16 jellies
  6 hounds
  A bullfrog skeleton (D:5)
  2 centaur skeletons
  6 orc priests
  4 hell rats (Lair:5)
  5 iguanas
  8 orc wizards
  A hound skeleton (D:4)
  Robin (D:3)
  5 gnolls (D:10)
  5 river rats (Sewer)
  14 adders
  2 shadow imps (D:5)
  2 white imps
  2 dart slugs
  2 worms
  26 orcs
  16 endoplasms
  7 giant cockroaches
  17 goblins
  12 hobgoblins
  11 jackals
  17 kobolds
  6 quokkas
  16 ball pythons
  5 bats
  5 frilled lizards
  27 rats
571 creatures vanquished.

Vanquished Creatures (others)
  59 fungi
  63 plants
  36 withered plants (Lair:6)
158 creatures vanquished.

Grand Total: 729 creatures vanquished

Notes
Turn   | Place    | Note
-------+----------+-------------------------------------------
     0 | D:1      | Majang the Human Berserker began the quest for the Orb.
     0 | D:1      | Reached XP level 1. HP: 18/18 MP: 1/1
    59 | D:1      | Reached XP level 2. HP: 22/24 MP: 2/2
   218 | D:1      | Found a faded altar of an unknown god.
   448 | D:1      | Reached XP level 3. HP: 29/29 MP: 3/3
   619 | D:2      | Reached ** piety under Trog
   762 | D:2      | Reached skill level 4 in Axes
  1002 | D:2      | Reached XP level 4. HP: 35/35 MP: 4/4
  1796 | D:3      | Noticed a scorpion
  1802 | D:3      | Killed a scorpion
  1803 | D:3      | Reached skill level 5 in Axes
  1803 | D:3      | Reached XP level 5. HP: 42/42 MP: 5/5
  1922 | D:3      | Found an opulent altar of Gozag.
  2001 | D:3      | Noticed Grinder
  2043 | D:3      | Found a glowing drain.
  2060 | Sewer    | Entered a sewer
  2108 | Sewer    | Reached *** piety under Trog
  2421 | Sewer    | Reached XP level 6. HP: 42/48 MP: 6/6
  2840 | Sewer    | Reached skill level 6 in Axes
  2843 | Sewer    | Reached XP level 7. HP: 44/55 MP: 7/7
  3013 | D:3      | Killed Grinder
  3014 | D:3      | Reached skill level 5 in Fighting
  3014 | D:3      | Reached skill level 7 in Axes
  3313 | D:3      | Noticed Robin
  3323 | D:3      | Killed Robin
  3326 | D:3      | Reached **** piety under Trog
  3621 | D:3      | Reached XP level 8. HP: 63/63 MP: 8/8
  4044 | D:4      | Reached skill level 1 in Evocations
  4079 | D:4      | Reached skill level 1 in Crossbows
  4554 | D:4      | Found a staircase to the Ecumenical Temple.
  4562 | Temple   | Entered the Ecumenical Temple
  5152 | D:5      | Entered Level 5 of the Dungeon
  5154 | D:5      | Found Learchil's Book Shop.
  5186 | D:5      | Found Disamits's Assorted Antiques.
  5416 | D:5      | Reached skill level 8 in Axes
  5568 | D:5      | Found Zyfrix's Weapon Shop.
  5689 | D:5      | Reached XP level 9. HP: 69/69 MP: 9/9
  5932 | D:5      | Found Lumetek's Magic Scroll Boutique.
  7426 | D:6      | Found a transporter.
  7426 | D:6      | Noticed a two-headed ogre
  7426 | D:6      | Noticed atomjack's ghost (novice PaFi)
  7649 | D:6      | Found a transporter.
  8023 | D:7      | Noticed Joseph
  8510 | D:6      | Reached skill level 9 in Axes
  9057 | D:7      | Reached XP level 10. HP: 71/77 MP: 10/10
  9740 | D:7      | Noticed Maggie
 10077 | D:7      | Killed Maggie
 10313 | D:7      | Killed Joseph
 10314 | D:7      | Reached skill level 5 in Armour
 10778 | D:7      | Found Yxkusuf's Antique Weapon Shoppe.
 10788 | D:7      | Bought a glowing broad axe for 140 gold pieces
 11167 | D:8      | Noticed Erica
 11174 | D:8      | Killed Erica
 11175 | D:8      | Reached skill level 5 in Dodging
 11441 | D:8      | Noticed Grum
 11457 | D:8      | Reached skill level 10 in Axes
 11464 | D:8      | Killed Grum
 11690 | D:7      | Reached XP level 11. HP: 59/84 MP: 11/11
 11997 | D:8      | Reached skill level 5 in Crossbows
 12153 | D:8      | Reached skill level 5 in Evocations
 12268 | D:8      | Noticed a two-headed ogre
 12277 | D:8      | Killed a two-headed ogre
 12776 | D:9      | Noticed a two-headed ogre
 12782 | D:9      | Killed a two-headed ogre
 13028 | D:9      | Noticed a two-headed ogre
 13037 | D:9      | Killed a two-headed ogre
 13048 | D:9      | Noticed a two-headed ogre
 13061 | D:9      | Killed a two-headed ogre
 13062 | D:9      | Reached skill level 11 in Axes
 13227 | D:9      | Identified the +7 long sword "Wyloefor" {pain, Will++ Dex+6
                  | Stlth-}
 13664 | D:10     | Entered Level 10 of the Dungeon
 14159 | D:10     | Reached ***** piety under Trog
 14309 | D:10     | Received a gift from Trog
 14323 | D:10     | Reached XP level 12. HP: 93/93 MP: 12/12
 14504 | D:10     | Noticed a two-headed ogre
 14515 | D:10     | Killed a two-headed ogre
 15165 | D:11     | Noticed Snorg
 15179 | D:11     | Killed Snorg
 15481 | D:11     | Found a staircase to the Lair.
 15508 | D:11     | Reached skill level 12 in Axes
 16203 | Lair:1   | Entered Level 1 of the Lair of Beasts
 16533 | Lair:1   | Noticed a six-headed hydra
 16542 | Lair:1   | Killed a one-headed hydra
 16659 | Lair:1   | Reached XP level 13. HP: 101/101 MP: 13/13
 16753 | Lair:1   | Received a gift from Trog
 17732 | D:6      | Killed atomjack's ghost
 17737 | D:6      | Reached skill level 13 in Axes
 18100 | D:5      | Bought a scroll of acquirement for 520 gold pieces
 18102 | D:5      | Acquired the +3 arbalest "Fuetamn" {elec, rPois Str+4
                  | Int+3}
 18338 | Lair:2   | Noticed a seven-headed hydra
 18352 | Lair:2   | Killed a one-headed hydra
 18529 | Lair:2   | Noticed Sonja
 18533 | Lair:2   | Killed Sonja
 18583 | Lair:2   | Found a hole to the Spider Nest.
 18610 | Lair:2   | Identified the +2 plate armour of Uskayaw's Benevolence
                  | {Fly}
 19291 | Lair:3   | Noticed a five-headed hydra
 19293 | Lair:3   | Noticed Gilette's ghost (journeyman TrCA)
 19294 | Lair:3   | Noticed an eight-headed hydra
 19295 | Lair:3   | Found a runed translucent gate.
 19295 | Lair:3   | Found a runed translucent gate.
 19295 | Lair:3   | Found a runed translucent gate.
 19538 | Lair:3   | Noticed a boulder beetle
 19562 | Lair:3   | Killed a boulder beetle
 19563 | Lair:3   | Reached XP level 14. HP: 109/109 MP: 14/14
 19704 | Lair:3   | Reached skill level 10 in Fighting
 19728 | Lair:3   | Received a gift from Trog
 20344 | Lair:4   | Found a staircase to the Swamp.
 20418 | Lair:4   | Reached skill level 14 in Axes
 22293 | Lair:5   | Reached XP level 15. HP: 117/117 MP: 15/15
 22800 | Lair:6   | Entered Level 6 of the Lair of Beasts
 23033 | Lair:6   | Found a staircase to the Slime Pits.
 23036 | Lair:6   | Found the ring of Shadows {Umbra +Inv Stlth+}
 23882 | Lair:6   | Reached skill level 15 in Axes
 23927 | Lair:6   | Reached skill level 10 in Armour
 23985 | Lair:6   | Received a gift from Trog
 24138 | Lair:6   | Reached skill level 10 in Dodging
 24529 | Lair:6   | Identified the ring of Darkness {rN+ Int+5 Dex+4}
 24739 | D:12     | Found Otalic's Book Shop.
 24875 | D:12     | Noticed Josephine
 24884 | D:12     | Killed Josephine
 25069 | D:12     | Noticed Frances
 25083 | D:12     | Killed Frances
 25786 | D:12     | Found a staircase to the Orcish Mines.
 26041 | Orc:1    | Entered Level 1 of the Orcish Mines
 26154 | Orc:2    | Entered Level 2 of the Orcish Mines
 26154 | Orc:2    | Noticed Urug
 26155 | Orc:2    | Noticed Jorgrun
 26182 | Orc:1    | Killed from afar by Jorgrun

Illustrated notes

Levels and vault maps discovered:
D:1:      dpeg_arrival_ternary, layout_rooms, basic_ecumenical_altar,
          minmay_pentomino_r4
D:2:      layout_loops_ring
D:3:      layout_basic, old_standard_altar, gup_sewer_entry_pipe, uniq_grinder,
          uniq_robin
D:4:      layout_basic, temple_fountains, dk_noncrumbling_4,
          minmay_goblin_outpost
D:5:      layout_cave_pools, serial_shops, shop, kennysheep_mini_moat,
          shop_statue, nicolae_shop_advertising_works
          [nicolae_subvault_shop_adworks]
D:6:      layout_basic, gammafunk_ghost_smash
D:7:      layout_layer_cave, serial_shops, nicolae_lakefront_shop,
          nicolae_water_bricks, minmay_fractal_squares_diagonal_5, uniq_maggie,
          uniq_joseph
D:8:      minmay_evil_eye, layout_basic, uniq_erica, uniq_grum
D:9:      layout_basic
D:10:     lemuel_slime, layout_stronghold
D:11:     layout_basic, due_lair_maze_entry_diamond, grunt_ministairs_7,
          uniq_snorg
D:12:     layout_layer_cave, orc_0_dummy, serial_shops, nicolae_stop_n_shop_2,
          nzn_life_drinkers, uniq_frances, uniq_josephine
Temple:   nicolae_temple_the_god_donut
Lair:1:   layout_layer_cave
Lair:2:   layout_small_grid, nicolae_spider_entry_non_spiders,
          infiniplex_staircase_pool_2, uniq_sonja
Lair:3:   layout_chaotic_city, gammafunk_ghost_split, nzn_sisyphean_effort,
          grunt_megastairs_4
Lair:4:   wad_woods_structure_01, layout_regular_city,
          nicolae_swamp_entry_splash_gauntlet
Lair:5:   layout_hall_layers
Lair:6:   due_jungle_book, layout_loops_ring, minmay_slime_entry_pillars,
          st_stairs_10
Orc:1:    layout_caves, special_room [special_room_orc]
Orc:2:    st_orc_mages, layout_caves, gammafunk_ghost_arena, serial_shops,
          shop_scrolls, uniq_urug, uniq_jorgrun

Skill      XL: |  1  2  3  4  5  6  7  8  9 10 11 12 13 14 15 |
---------------+----------------------------------------------+-----
Axes           | 4 5 6 7 8 9 10 11 12 13 14 15 | 15.3
Fighting       | 4 5 6 7 8 9 10 11 | 11.3
Evocations     | 2 3 4 6 7 8 9 |  9.9
Crossbows      | 2 3 4 6 7 8 9 |  9.9
Armour         | 3 4 5 6 7 8 9 10 | 10.2
Dodging        | 3 4 5 6 7 8 9 10 | 10.1

Action                   |  1- 3 |  4- 6 |  7- 9 | 10-12 | 13-15 || total
-------------------------+-------+-------+-------+-------+-------++-------
Melee: Hand axe          |   101 |   190 |   454 |   127 |    26 ||   898
       Broad axe         |       |       |       |   418 |   144 ||   562
       Battleaxe         |       |       |       |       |   664 ||   664
 Fire: Arbalest          |       |       |       |       |   193 ||   193
Throw: Throwing net      |       |       |       |       |     1 ||     1
Invok: Berserk           |     3 |     8 |    15 |    12 |     3 ||    41
       Trog's Hand       |       |       |     1 |       |       ||     1
Evoke: Wand              |       |       |     1 |     3 |     6 ||    10
  Use: Scroll            |       |    10 |     8 |    12 |     9 ||    39
       Potion            |       |     2 |     2 |     1 |       ||     5
 Stab: Sleeping          |     1 |       |       |       |     1 ||     2
Armor: Ring mail         |    35 |    73 |    87 |       |       ||   195
       Chain mail        |       |       |    77 |       |       ||    77
       Plate armour      |       |       |    64 |    54 |       ||   118
       Swamp dragon scal |       |       |       |   205 |   377 ||   582
Dodge: Dodged            |    56 |   138 |   226 |   292 |   472 ||  1184
Block: Other             |       |       |       |    77 |       ||    77
       Reflection        |       |       |       |     2 |       ||     2

Table legend: (Time is in decaauts)
 A = Elapsed time spent in this place.
 B = Non-inter-level travel time spent in this place.
 C = Inter-level travel time spent in this place.
 D = Time resting spent in this place.
 E = Time spent auto-exploring this place.
 F = Levels seen in this place.
 G = Mean time per level.
                   A        B        C        D        E       F      G
               +--------+--------+--------+--------+--------+-----+--------+
         Total |  26703 |  25120 |   1583 |   6807 |  12777 |  22 | 1213.8 |
       Dungeon |  17554 |  16533 |   1021 |   5436 |   7967 |  12 | 1462.8 |
        Temple |     58 |     58 |      0 |      0 |      0 |   1 |   58.0 |
          Lair |   7872 |   7311 |    561 |    814 |   4497 |   6 | 1312.0 |
  Orcish Mines |    138 |    138 |      0 |      0 |     99 |   2 |   69.0 |
         Sewer |   1079 |   1079 |      0 |    556 |    212 |   1 | 1079.0 |
               +--------+--------+--------+--------+--------+-----+--------+

Top non-repeatable levels by time:
     D:6: 3394 daAuts
     D:7: 1830 daAuts
  Lair:6: 1795 daAuts
  Lair:4: 1655 daAuts
     D:5: 1580 daAuts
  Lair:1: 1440 daAuts
    D:11: 1373 daAuts
     D:3: 1353 daAuts
    D:10: 1344 daAuts
    D:12: 1324 daAuts
     D:9: 1255 daAuts
     D:8: 1187 daAuts
  Lair:3: 1139 daAuts
     D:4: 1100 daAuts
   Sewer: 1079 daAuts
